 Dungeon Crawl Stone Soup version 0.31-a0-1002-g8e65716e6e (webtiles) character file.

Game seed: 16709015667055882436

11 kae the Vexing (level 2, -1/19 HPs)
             Began as a Demonspawn Enchanter on Nov 9, 2023.
             Slain by a hobgoblin (5 damage)
             ... on level 1 of the Dungeon.
             The game lasted 00:00:24 (200 turns).

kae the Vexing (Demonspawn Enchanter)                Turns: 200, Time: 00:00:25

Health: -1/19      AC:  2    Str:  8    XL:     2   Next: 13%
Magic:  1/5        EV: 12    Int: 16    God:
Gold:   0          SH:  0    Dex: 13    Spells: 3/5 levels left

rFire   . . .        a - +1 dagger
rCold   . . .        (no shield)
rNeg    . . .        b - +0 robe
rPois   .            (no helmet)
rElec   .            (no cloak)
rCorr   .            (no gloves)
SInv    .            (no boots)
Will    .....        (no amulet)
Stlth   ++           (no ring)
HPRegen 0.23/turn    (no ring)
MPRegen 0.09/turn

%: no passive effects
@: very slightly contaminated
A: hooves 1
a: no special abilities


You were on level 1 of the Dungeon.
You visited 1 branch of the dungeon, and saw 1 of its levels.


Innate Abilities, Weirdness & Mutations

You have large cloven feet.


   Skills:
 * Level 1.2 Short Blades
 + Level 1.9 Dodging
 + Level 2.9 Stealth
 + Level 2.0 Spellcasting
 * Level 3.1 Hexes


You had 3 spell levels left.
You knew the following spells:

 Your Spells              Type           Power      Damage    Failure   Level
a - Ensorcelled Hibernat  Hex/Ice        12%        N/A       16%         2

Your spell library contained the following spells:

 Spells                   Type           Power      Damage    Failure   Level
 Confusing Touch          Hex            11%        N/A       17%         3
 Tukima's Dance           Hex            11%        N/A       17%         3
 Dazzling Flash           Conj/Hex       12%        N/A       32%         3

Inventory:

Hand Weapons
 a - a +1 dagger (weapon)
Armour
 b - a +0 robe (worn)
Potions
 c - 2 potions of invisibility
 d - a potion of degeneration {unknown}

Dungeon Overview and Level Annotations

Branches:
Dungeon (1/15) Zot: 5800

Altars:

#.'#'.'#+.####..######
###.###.####..........
#.+.'.# #..........
###.### #..........
#<#.. #..........
###.. #.......... #..
#..........
##..###..........
+....@.##########
######g# ###.# #...#
........# #.####
........#######g...+
........#.........##
........#+#######)#
.............# #g#


You could see a hobgoblin.


Message History

You kill the bat!
You have reached level 2!
Your demonic ancestry asserts itself...
Your feet thicken and deform. 😕 HP[+6] MP[+2]
You now have 19 max hp (+6).
You regained 6 hp, and now have 18/19 hp.
Your mp is fully restored (5).
You see here a bat corpse.
An endoplasm comes into view.
The endoplasm moves out of view. 😎 HP[+1]
Your hp is fully restored (19).
No target in view!
No target in view!
You start memorising the spell.
You continue memorising. x2
You finish memorising.
Spell assigned to 'a'.
An endoplasm is nearby!
An endoplasm is nearby!
There are monsters nearby!
You barely miss the endoplasm.
The endoplasm quivers.
You kick the endoplasm, but do no damage.
The endoplasm freezes you.
You are frozen. 😮 HP[-5]
You take 5 damage, and now have 14/19 hp.
MASSIVE DAMAGE!! (PAUSE)
Casting: Ensorcelled Hibernation (safe; 16% risk of failure)
Confirm with . or Enter, or press ? or * to list all spells.
Aiming: Ensorcelled Hibernation (safe; 16% risk of failure)
Press: ? - help, Shift-Dir - straight line, f - ball python
Aim: a ball python (chance to affect: 57%)
The ball python resists with significant effort.
The endoplasm freezes you.
You are frozen.
The ball python bites you but does no damage.
The ball python misses you. 😮 HP[-2] MP[-2]
You take 2 damage, and now have 12/19 hp.
You lost 2 mp, and now have 3/5 mp.
Casting: Ensorcelled Hibernation (safe; 16% risk of failure)
Confirm with . or Enter, or press ? or * to list all spells.
Aiming: Ensorcelled Hibernation (safe; 16% risk of failure)
Press: ? - help, Shift-Dir - straight line, f/p - ball python
Aim: a ball python (chance to affect: 57%)
The ball python looks drowsy...
The endoplasm hits you. 😮 HP[-1] MP[-2]
You take 1 damage, and now have 11/19 hp.
You lost 2 mp, and now have 1/5 mp.
The helpless ball python fails to defend itself.
You puncture the ball python!
You kill the ball python!
A hobgoblin comes into view.
The endoplasm freezes you.
You are frozen.
* * * LOW HITPOINT WARNING * * *
😨 HP[-3]
You take 3 damage, and now have 8/19 hp.
Unknown command.
The hobgoblin shouts!
You hit the endoplasm. You kick the endoplasm.
You kill the endoplasm! 😨 HP[+1] 😮 HP[+1] 😮 MP[+1] 😮 HP[+1]
You see here a bat corpse.
Things that are here:
a +0 club; a bat corpse You see here a +0 whip. 😮 HP[+1] 😮 HP[+1] 😮 MP[+1]
You start resting.
A hobgoblin is nearby! 😮 HP[+1]
The hobgoblin hits you.
* * * LOW HITPOINT WARNING * * *
😨 HP[-5]
You take 5 damage, and now have 9/19 hp.
MASSIVE DAMAGE!! (PAUSE)
Casting: Ensorcelled Hibernation (safe; 16% risk of failure)
Confirm with . or Enter, or press ? or * to list all spells.
Aiming: Ensorcelled Hibernation (safe; 16% risk of failure)
Press: ? - help, Shift-Dir - straight line, f - hobgoblin
Aim: a hobgoblin, wearing a +0 ring mail (chance to affect: 57%)
You miscast Ensorcelled Hibernation.
You are very lightly contaminated with residual magic.
Nothing appears to happen.
The hobgoblin hits you.
* * * LOW HITPOINT WARNING * * *
😱 HP[-5] MP[-2]
You take 5 damage, and now have 4/19 hp.
MASSIVE DAMAGE!! (PAUSE)
You lost 2 mp, and now have 1/5 mp.
Casting: Ensorcelled Hibernation (safe; 16% risk of failure)
Confirm with . or Enter, or press ? or * to list all spells.
You don't have enough magic to cast this spell.
You hit the hobgoblin but do no damage. The hobgoblin hits you.
You die...

Skill      XL: |  1 |
---------------+----+-----
Short Blades   | 1 |  1.2
Dodging        | |  1.9
Stealth        | |  2.9
Spellcasting   | |  2.0
Hexes          | |  3.1

Action                     || total
---------------------------++-------
  Melee: Dagger            ||    28
         Kick              ||     2
   Cast: Ensorcelled Hiber ||     2
   Stab: Sleeping          ||     1
 Armour: Robe              ||    20
  Dodge: Dodged            ||    30

Levels and vault maps discovered:
D:1:      erik_arrival_triangle_large, layout_basic

Notes
Turn   | Place    | Note
-------+----------+-------------------------------------------
     0 | D:1      | kae the Demonspawn Enchanter began the quest for the Orb.
     0 | D:1      | Reached XP level 1. HP: 13/13 MP: 3/3
     0 | D:1      | magus.rc [v1.11.3]
    86 | D:1      | Reached skill level 1 in Short Blades
   153 | D:1      | Gained mutation: You have large cloven feet. [demonic
                  | ancestry]
   153 | D:1      | Reached XP level 2. HP: 18/19 MP: 5/5
   167 | D:1      | Learned a level 2 spell: Ensorcelled Hibernation
   199 | D:1      | HP: 4/19 [hobgoblin (5)]
   200 | D:1      | Slain by a hobgoblin

Vanquished Creatures
  A ball python (D:1)
  An endoplasm (D:1)
  A goblin (D:1)
  3 jackals (D:1)
  2 bats (D:1)
  A kobold (D:1)
9 creatures vanquished.

Table legend:
 A = Non-vault XP
 B = Vault XP
 C = Vault XP percentage of total XP
 D = Non-vault monster count
 E = Vault monster count
 F = Vault count percentage of total count
                 A         B        C        D         E       F
            +---------+---------+-------+---------+---------+-------
      Total |      16 |       0 |   0.0 |       9 |       0 |   0.0
            +---------+---------+-------+---------+---------+-------
        D:1 |      16 |       0 |   0.0 |       9 |       0 |   0.0
            +---------+---------+-------+---------+---------+-------

Skill      XL: |  1 |
---------------+----+-----
Short Blades   | 1 |  1.2
Dodging        | |  1.9
Stealth        | |  2.9
Spellcasting   | |  2.0
Hexes          | |  3.1

Action                     || total
---------------------------++-------
  Melee: Dagger            ||    28
         Kick              ||     2
   Cast: Ensorcelled Hiber ||     2
   Stab: Sleeping          ||     1
 Armour: Robe              ||    20
  Dodge: Dodged            ||    30

Illustrated notes

Table legend:
 A = Kills in this place as a percentage of kills in the entire game.
 B = Kills by you in this place as a percentage of kills by you in the entire game.
 C = Kills by friends in this place as a percentage of kills by friends in the entire game.
 D = Other kills in this place as a percentage of other kills in the entire game.
 E = Experience gained in this place as a percentage of experience gained in the entire game.
 F = Experience gained in this place divided by the number of levels of this place that you have seen.
                   A       B       C       D       E      F
               +-------+-------+-------+-------+-------+----------------------
         Total | 100.0 | 100.0 |   N/A |   N/A | 100.0 |  16.0
       Dungeon | 100.0 | 100.0 |   N/A |   N/A | 100.0 |  16.0
               +-------+-------+-------+-------+-------+----------------------

Table legend: (Time is in decaauts)
 A = Elapsed time spent in this place.
 B = Non-inter-level travel time spent in this place.
 C = Inter-level travel time spent in this place.
 D = Time resting spent in this place.
 E = Time spent auto-exploring this place.
 F = Levels seen in this place.
 G = Mean time per level.
                   A        B        C        D        E       F      G
               +--------+--------+--------+--------+--------+-----+--------+
         Total |    198 |    198 |      0 |     29 |     89 |   1 |  198.0 |
       Dungeon |    198 |    198 |      0 |     29 |     89 |   1 |  198.0 |
               +--------+--------+--------+--------+--------+-----+--------+

Top non-repeatable levels by time:
     D:1: 198 daAuts
